 Dungeon Crawl Stone Soup version 0.25-a0-280-gfa4545f159 (webtiles) character file.

Game seed: 7092320202561027365, levelgen mode: deterministic

454 snort the Chopper (level 6, -6/53 HPs)
             Began as a Draconian Berserker on Dec 10, 2019.
             Was a Priest of Trog.
             Mangled by a gnoll
             ... wielding a +0 halberd
              (14 damage)
             ... on level 3 of the Dungeon.
             The game lasted 00:05:18 (2820 turns).

snort the Chopper (Draconian Berserker)             Turns: 2820, Time: 00:05:19

Health: -6/53      AC:  6    Str: 20    XL:     6   Next: 76%
Magic:  6/6        EV: 14    Int:  7    God:    Trog [***...]
Gold:   241        SH:  0    Dex: 12    Spells: 5/5 levels left

rFire    . . .     SeeInvis .   a - +0 hand axe
rCold    . . .     Gourm    .   (no shield)
rNeg     . . .     Faith    .   (armour unavailable)
rPois    .         Spirit   .   (helmet restricted)
rElec    .         Reflect  .   (no cloak)
rCorr    .         Harm     .   (no gloves)
MR       ++...                  (no boots)
Stlth    ++........             (no amulet)
HPRegen  1.17/turn              (no ring)
MPRegen  0.10/turn              (no ring)

@: lethally poisoned (-6 -> -7), berserk cooldown, regenerating, slowed, very
slow
A: unfitting armour, cold-blooded, AC +6
a: Berserk, Trog's Hand, Renounce Religion


You were on level 3 of the Dungeon.
You worshipped Trog.
Trog was most pleased with you.
You were near starving.

You visited 1 branch of the dungeon, and saw 3 of its levels.

You collected 241 gold pieces.

Inventory:

Hand Weapons
 a - a +0 hand axe (weapon)
Missiles
 d - 21 poisoned darts (quivered)
Scrolls
 e - 3 scrolls of identify {unknown}
 f - a scroll of teleportation {unknown}
 h - a scroll of fog {unknown}
 i - a scroll of enchant armour {unknown}
Potions
 g - a potion of curing {unknown}
 j - 3 potions of heal wounds {unknown}
 k - a potion of agility {unknown}
 l - a potion of brilliance {unknown}
 m - a potion of cancellation {unknown}
Comestibles
 b - 6 rations
 c - 3 chunks of flesh


   Skills:
 + Level 4.7 Fighting
 + Level 5.8 Axes
 + Level 4.1 Dodging
 + Level 1.4 Stealth


You had 5 spell levels left.
You didn't know any spells.
Your spell library was empty.

Dungeon Overview and Level Annotations

Branches:
Dungeon (3/15)

Altars:
Hepliaklqana
Ru
Yredelemnul

Annotations:
D:3 1 transporter, Leeroy's ghost, amateur DrCj


Innate Abilities, Weirdness & Mutations

Your plain brown scales are hard. (AC +6)
You cannot fit into any form of body armour.
You are cold-blooded and may be slowed by cold attacks.


Message History

You feel sick. The gnoll closely misses you.
Items here: $ ( ) = ? a +0 whip; a throwing net; an uncursed ring of positive energy a scroll labeled MUGOXOCERIUP; 27 gold pieces You barely miss the gnoll.
You feel sick. The gnoll hits you with a +0 club.
* * * LOW HITPOINT WARNING * * *
You slash the gnoll!
You kill the gnoll!
Trog accepts your kill.
You feel sick.
You are no longer berserk.
You are exhausted.
You feel yourself slow down.
You feel sick.
Things that are here:
a +0 spear; a gnoll corpse You hit the gnoll.
The gnoll is moderately wounded.
You feel very sick. The gnoll hits you with a +0 halberd!
You die...

#..≈≈≈≈≈≈≈≈≈≈≈≈≈≈≈≈≈≈≈≈≈≈≈≈≈.##..
#..≈≈#####...........#####≈≈.....
#..≈≈#...#.###.©.###.#...#≈≈.###.
#.÷≈≈#gW.###.#####.###...#≈≈.###.
#..≈≈###...............###≈≈.....
#..≈≈.8#g######'######.#8.≈≈.....
#..≈≈.##.# #8.P#.⌠.#.##.≈≈.....
#..≈≈.#g.' #⌠©.....'..#.≈≈.....
#..≈≈.##.# #8)@#.⌠.#.##.≈≈.....
#..≈≈.8#.######g######.#8(≈≈....(
##.≈≈###.......)).g....###≈≈.....
#.≈≈#...###.#####©###...#≈≈.....
#.≈≈#...#.###.©.###.#W..#≈≈.(...
#.≈≈#####...........#####≈≈.....
#.≈≈≈≈≈≈≈≈≈≈≈...≈≈≈≈≈≈≈≈≈≈≈(....
#.≈≈≈≈≈≈≈≈≈≈≈...≈≈≈≈≈≈≈≈≈≈≈(...#
#.........(..............().####


You could see a gnoll.

Vanquished Creatures
  Sigmund (D:2)
  Jessica (D:2)
  Natasha (thrice) (D:3)
  6 gnolls (D:3)
  5 adders
  An ooze (D:3)
  A dart slug (D:3)
  4 leopard geckos
  6 orcs (D:3)
  2 ball pythons
  2 giant cockroaches (D:2)
  2 gnoll zombies (D:2)
  12 goblins
  7 hobgoblins
  6 jackals
  2 quokkas
  3 bats
  8 frilled lizards
  11 kobolds
  6 rats
89 creatures vanquished.

Vanquished Creatures (others)
  5 plants (D:3)
5 creatures vanquished.

Grand Total: 94 creatures vanquished

Notes
Turn   | Place    | Note
-------+----------+-------------------------------------------
     0 | D:1      | snort the Draconian Berserker began the quest for the Orb.
     0 | D:1      | Reached XP level 1. HP: 19/19 MP: 1/1
   215 | D:1      | Reached XP level 2. HP: 26/26 MP: 2/2
   567 | D:1      | You fall into a shaft and drop 1 floor!
   567 | D:2      | Found a sacrificial altar of Ru.
   609 | D:3      | Reached XP level 3. HP: 31/31 MP: 3/3
   681 | D:2      | Reached ** piety under Trog
  1114 | D:2      | Reached skill level 4 in Axes
  1169 | D:2      | Reached XP level 4. HP: 38/40 MP: 4/4
  1422 | D:2      | Found a basalt altar of Yredelemnul.
  1515 | D:2      | Noticed Sigmund
  1529 | D:2      | Killed Sigmund
  1529 | D:2      | Reached skill level 5 in Axes
  1529 | D:2      | Reached skill level 1 in Stealth
  1529 | D:2      | Reached XP level 5. HP: 46/46 MP: 5/5
  1560 | D:2      | Noticed a phantom
  1987 | D:2      | Noticed Jessica
  1991 | D:2      | Killed Jessica
  1991 | D:2      | Reached XP level 6. HP: 53/53 MP: 6/6
  2201 | D:3      | Reached *** piety under Trog
  2261 | D:3      | Noticed Natasha
  2269 | D:3      | Killed Natasha
  2315 | D:3      | Identified the +1 halberd of Invincibility {vamp, Str+6}
  2342 | D:3      | Noticed Natasha
  2370 | D:3      | Killed Natasha
  2399 | D:3      | Noticed Leeroy's ghost (amateur DrCj)
  2493 | D:3      | Found a transporter.
  2499 | D:3      | Found a transporter.
  2530 | D:3      | Noticed Natasha
  2544 | D:3      | Killed Natasha
  2606 | D:3      | Found a hazy altar of Hepliaklqana.
  2820 | D:3      | Mangled by a gnoll

Levels and vault maps discovered:
D:1:      scummos_arrival_simple_crosswalls, layout_rooms
D:2:      layout_rooms, nicolae_overflow_hidden_temple,
          lemuel_zombie_altar_yredelemnul, serial_corexii_hall,
          corexii_hall_statues_deadend, corexii_hall_statues_s, uniq_jessica,
          uniq_sigmund
D:3:      layout_rooms, overflow_temple_1_default, first_ration,
          gammafunk_ghost_gnarly_gnolls, minmay_distorted, uniq_natasha

Skill      XL: |  1  2  3  4  5  6 |
---------------+-------------------+-----
Dodging        | 3 4 |  4.1
Axes           | 4 5 |  5.8
Fighting       | 4 |  4.7
Stealth        | 1 |  1.4

Action                   |  1- 3 |  4- 6 || total
-------------------------+-------+-------++-------
Melee: Hand axe          |   113 |   153 ||   266
       Tailslap          |    10 |    31 ||    41
Throw: Dart              |       |     2 ||     2
Invok: Berserk           |     3 |     3 ||     6
       Trog's Hand       |       |     2 ||     2
 Stab: Sleeping          |     1 |     1 ||     2
  Eat: Chunk             |     4 |     4 ||     8
       Ration            |       |     1 ||     1
Armor: Skin              |    35 |    44 ||    79
Dodge: Dodged            |    77 |    94 ||   171

Table legend:
 A = Non-vault XP
 B = Vault XP
 C = Vault XP percentage of total XP
 D = Non-vault monster count
 E = Vault monster count
 F = Vault count percentage of total count
                 A         B        C        D         E       F
            +---------+---------+-------+---------+---------+-------
      Total |     263 |     386 |  59.5 |      76 |      13 |  14.6
            +---------+---------+-------+---------+---------+-------
        D:1 |      39 |       0 |   0.0 |      26 |       0 |   0.0
        D:2 |      65 |     261 |  80.1 |      24 |       4 |  14.3
        D:3 |     159 |     125 |  44.0 |      26 |       9 |  25.7
            +---------+---------+-------+---------+---------+-------
